 Dungeon Crawl Stone Soup version 0.20-a0-548-g4f8a798 (webtiles) character file.

149 krabocopter the Cudgeler (level 5, -5/32 HPs)
             Began as a Gargoyle Fighter on Feb 1, 2017.
             Killed by divine providence
             ... invoked by an orc priest
              (12 damage)
             ... on level 3 of the Dungeon.
             The game lasted 00:06:06 (1873 turns).

krabocopter the Cudgeler (Gargoyle Fighter)         Turns: 1873, Time: 00:06:07

Health: -5/32      AC: 10    Str: 24    XL:     5   Next: 31%
Magic:  5/5        EV:  7    Int: 10    God:
Gold:   106        SH:  9    Dex:  9    Spells: 4/4 levels left

rFire    + . .     SeeInvis .   a - +0 flail
rCold    x . .     Gourm    .   b - +0 scale mail
rNeg     + . .     Faith    .   c - +0 shield
rPois    ∞         Spirit   .   (no helmet)
rElec    +         Reflect  .   (no cloak)
rCorr    .         Harm     .   (no gloves)
MR       +....                  (no boots)
Stlth    ..........             (no amulet)
Regen    0.1/turn               w - ring of protection from magic
                                h - ring of fire (curse)

@: mighty
A: negative energy resistance 1, electricity resistance, unbreathing,
petrification resistance, rot immunity, AC +4
a: no special abilities


You were on level 3 of the Dungeon.
You were not hungry.

You visited 1 branch of the dungeon, and saw 3 of its levels.

You collected 106 gold pieces.

Inventory:

Hand Weapons
 a - a +0 flail (weapon)
 r - a +0 dagger of holy wrath
Armour
 b - a +0 scale mail (worn)
 c - a +0 shield (worn)
Jewellery
 h - a cursed ring of fire (left hand)
 w - a ring of protection from magic (right hand)
Scrolls
 g - a scroll of fog {unknown}
 i - a scroll of remove curse {unknown}
 l - 6 scrolls of identify {unknown}
 o - 2 scrolls of enchant weapon {unknown}
 p - a scroll of teleportation {unknown}
 q - a scroll of fear {unknown}
 v - a scroll of amnesia {unknown}
 x - a scroll of noise {unknown}
Potions
 e - 2 potions of resistance {unknown}
 j - a potion of heal wounds {unknown}
 n - 3 potions of curing {unknown}
 t - a potion of haste {unknown}
 z - a potion of mutation {unknown}
Comestibles
 f - 2 bread rations
 k - 2 chunks of flesh
 m - 2 meat rations
 s - a royal jelly
 u - 2 fruits


   Skills:
 - Level 3.2 Fighting
 + Level 4.8 Maces & Flails
 - Level 3.2 Armour
 + Level 4.1 Shields


You had 4 spell levels left.
You didn't know any spells.

Dungeon Overview and Level Annotations

Branches:
Dungeon (3/15)

Altars:
Qazlal
The Shining One


Innate Abilities, Weirdness & Mutations

You are resistant to torment.
Your stone body is resilient. (AC +4)
You are immune to poison.
You resist negative energy. (rN+)
You are resistant to electric shocks. (rElec)
You can survive without breathing.
You are immune to petrification.
You are immune to rotting.


Message History

You block the orc's attack.
You hit the orc priest but do no damage.
The orc priest is lightly wounded.
The orc priest calls down the wrath of Beogh upon you.
Beogh smites you!
The orc priest hits you but does no damage.
The orc hits you with a hand axe. The orc priest barely misses you.
The orc hits you but does no damage.
The orc priest hits you but does no damage.
You block the orc priest's attack.
You feel very mighty all of a sudden.
The orc priest calls down the wrath of Beogh upon you.
Pain shoots through your body!
* * * LOW HITPOINT WARNING * * *
You block the orc priest's attack.
You thump the orc priest!
The orc priest is almost dead.
The orc priest invokes the aid of Beogh against you.
Beogh smites you!
You die...

#.. #.....†.#.##...#<#
... ............)..###.#
.... ....#####.......#..#
.....##.# ##.....##.#.##
#..###.# #.......#...#
#...#.. #.......##..##
.##.#..o# #.......##....
......oo#####.......#...#
###.###o@.##.(...........
###(##.......#....#
#..(.......#.##..
###..........####
####....[.### #
####.#...# ###.###.##
#...# #..## ###.######...


You could see 2 orc priests and 2 orcs.

Vanquished Creatures
  A scorpion (D:3)
  3 adders (D:2)
  A worm (D:2)
  A leopard gecko (D:1)
  9 orcs (D:3)
  3 giant cockroaches
  4 goblins
  7 hobgoblins
  7 jackals
  A quokka (D:3)
  2 ball pythons
  8 bats
  5 frilled lizards
  3 kobolds
  4 rats
59 creatures vanquished.

Notes
Turn   | Place    | Note
-------+----------+-------------------------------------------
     0 | D:1      | krabocopter the Gargoyle Fighter began the quest for the Orb.
     0 | D:1      | Reached XP level 1. HP: 14/14 MP: 1/1
   123 | D:1      | Reached XP level 2. HP: 17/19 MP: 2/2
   371 | D:1      | Reached XP level 3. HP: 21/23 MP: 3/3
  1172 | D:2      | Reached XP level 4. HP: 23/28 MP: 4/4
  1189 | D:2      | Found a glowing golden altar of the Shining One.
  1540 | D:3      | Reached XP level 5. HP: 30/32 MP: 5/5
  1724 | D:3      | Noticed a fire elemental
  1725 | D:3      | Found a stormy altar of Qazlal.
  1759 | D:3      | Noticed an air elemental
  1760 | D:3      | Noticed a water elemental
  1873 | D:3      | Killed from afar by an orc priest

Vault maps used:
D:1:      minmay_arrival_stair_chambers
D:2:      tso_oasis_becter
D:3:      lemuel_crystal_altar, nicolae_qazlal_style_of_elements

Skill      XL: |  1  2  3  4 |
---------------+-------------+-----
Maces & Flails | 3 4 |  4.8
Shields        | 4 |  4.1
Fighting       | |  3.2
Armour         | |  3.2

Action                   |  1- 3 |  4- 6 || total
-------------------------+-------+-------++-------
Melee: Flail             |   152 |    80 ||   232
  Use: Potion            |       |     1 ||     1
  Eat: Chunk             |     1 |     3 ||     4
Armor: Scale mail        |    91 |    47 ||   138
Dodge: Dodged            |    63 |    28 ||    91
Block: Shield            |   108 |    49 ||   157
